 Dungeon Crawl Stone Soup version 0.29-a0-973-gac7da5f7f0 (webtiles) character file.

Game seed: 8204466816071757997

476 gelatine the Chiller (level 6, -7/42 HPs)
             Began as a Demonspawn Ice Elementalist on July 31, 2022.
             Killed by divine providence
             ... invoked by an orc priest
              (13 damage)
             ... on level 4 of the Dungeon.
             The game lasted 00:15:40 (4964 turns).

gelatine the Chiller (Demonspawn Ice Elementalist)  Turns: 4964, Time: 00:15:41

Health: -7/42      AC:  3    Str:  8    XL:     6   Next: 85%
Magic:  7/12       EV: 12    Int: 19    God:
Gold:   168        SH:  8    Dex: 13    Spells: 6/14 levels left

rFire   . . .      SeeInvis .   h - +2 short sword (speed)
rCold   . . .      Faith    .   (no shield)
rNeg    . . .      Spirit   .   a - +1 robe
rPois   .          Reflect  .   (helmet restricted)
rElec   .          Harm     .   (no cloak)
rCorr   .          Rampage  .   (no gloves)
Will    .....                   (no boots)
Stlth   ++........              (no amulet)
HPRegen 0.14/turn               i - ring of wizardry
MPRegen 0.13/turn               (no ring)

@: no status effects
A: horns 1, large bone plates 1, condensation shield
a: no special abilities


You were on level 4 of the Dungeon.
You visited 1 branch of the dungeon, and saw 4 of its levels.

You collected 168 gold pieces.

Inventory:

Hand Weapons
 d - a +1 short sword of protection
 h - a +2 short sword of speed (weapon)
 q - a +2 halberd of flaming
Armour
 a - a +1 robe (worn)
 c - a scarf of shadows
 e - a +0 kite shield
Jewellery
 i - a ring of wizardry (left hand)
Wands
 n - a wand of roots (4)
Scrolls
 f - a scroll of teleportation
 j - a scroll of torment
Potions
 b - a potion of might
 g - a potion of curing
 k - a potion of lignification
 o - a potion of cancellation {unknown}


   Skills:
 + Level 0.6 Fighting
 + Level 1.3 Short Blades
 + Level 2.1 Dodging
 + Level 2.5 Stealth
 + Level 1.2 Shields
 + Level 4.5 Spellcasting
 + Level 5.2 Ice Magic


You had 6 spell levels left.
You knew the following spells:

 Your Spells              Type           Power      Damage    Failure   Level
a - Freeze                Ice            96%        1d11      1%          1
b - Frozen Ramparts       Ice            48%        1d6       1%          3
c - Ozocubu's Armour      Ice            24%        N/A       1%          3
d - Sting                 Tmut/Pois      16%        1d3       5%          1

Your spell library contained the following spells:

 Spells                   Type           Power      Damage    Failure   Level
 Poisonous Vapours        Pois/Air       8%         N/A       9%          2
 Hailstorm                Conj/Ice       14%        3d5       17%         4
 Olgreb's Toxic Radiance  Pois           4%         N/A       45%         4


Dungeon Overview and Level Annotations

Branches:
Dungeon (4/15)
 Temple: D:4-7

Altars:
Makhleb
Okawaru


Innate Abilities, Weirdness & Mutations

You have a pair of small horns on your head.
You are partially covered in large bone plates. (SH +4)
A meltable shield of frost defends you. (SH +4)


Message History

Aiming: Sting (safe; 6% risk of failure)
Press: ? - help, Shift-Dir - straight line, f - orc priest
Aim: an orc priest, wielding a +0 falchion and wearing a +0 leather armour (almost dead, 64% to hit)
The sting hits the orc priest but does no damage.
The orc priest is poisoned.
The orc priest is almost dead.
The wall freezes the orc priest.
You kill the orc priest!
Casting: Sting (safe; 5% risk of failure)
Confirm with . or Enter, or press ? or * to list all spells.
Aiming: Sting (safe; 5% risk of failure)
Press: ? - help, Shift-Dir - straight line, f - orc
Aim: an orc, wielding a +0 club and wearing a +0 leather armour (64% to hit)
The sting hits the orc.
The orc is poisoned.
The orc is moderately wounded.
The wall freezes the orc.
You kill the orc!
Casting: Sting (safe; 5% risk of failure)
Confirm with . or Enter, or press ? or * to list all spells.
Aiming: Sting (safe; 5% risk of failure)
Press: ? - help, Shift-Dir - straight line, f - orc
Aim: an orc, wielding a +0 club (64% to hit)
The sting hits the orc.
The orc is poisoned.
The orc is moderately wounded.
The wall freezes the orc.
You kill the orc!
Your icy armour cracks and falls away as you move.
The frozen ramparts melt away as you move. 2 orc priests come into view.
Things that are here:
a +0 falchion; a +0 leather armour; an orc corpse The orc priest calls down the wrath of Beogh upon you.
Beogh smites you!
* * * LOW HITPOINT WARNING * * *
You open the door.
There is an open door here.
The orc priest casts a cantrip, but nothing happens.
The orc priest mumbles some strange prayers to Beogh against you.
Beogh smites you!
You die...

*......* ##....######.#
#......*
#...........#####****
.......*
##o#.............,,,,
..#'###*
#.#.........########
,,,,,,,*
#...†.......#.......
,,,,,,,*
##............######
,,,,,,,*
#.#######....+.....
,,,,,,,* #..# #....######
,,,,,,,* ##@# #..........
*,,,,,,* #.#* #....######
*,,,,,,* #..* #....#
*,,,,,,* ##.#* #....#
**** *,*,***** *..*
#....# *,,, *,,,,,,,*
*#.#* #.#### *,,,
*,,,,,,,* *..* #.# *,,,
*,,,,,,,**********#.#*#.*
*,,, *,,,,,,,,,,,,,,,*
*,,*#.* *,,,


You could see an orc priest.

Vanquished Creatures
  A phantom (D:4)
  An orc priest (D:4)
  Terence (D:2)
  Jessica (D:3)
  An iguana (D:3)
  Ijyb (D:3)
  Natasha (thrice) (D:2)
  2 orc wizards (D:3)
  3 adders
  3 gnolls (D:3)
  A worm (D:3)
  2 dart slugs
  10 orcs
  6 bats
  7 endoplasms
  5 giant cockroaches
  6 goblins
  6 hobgoblins
  5 jackals
  7 ball pythons
  5 frilled lizards
  8 kobolds
  7 rats
92 creatures vanquished.

Notes
Turn   | Place    | Note
-------+----------+-------------------------------------------
     0 | D:1      | gelatine the Demonspawn Ice Elementalist began the quest
                  | for the Orb.
     0 | D:1      | Reached XP level 1. HP: 13/13 MP: 3/3
   417 | D:1      | Gained mutation: A meltable shield of frost defends you.
                  | (SH +4) [demonic ancestry]
   417 | D:1      | Reached XP level 2. HP: 18/19 MP: 0/5
   712 | D:1      | Reached skill level 4 in Ice Magic
  1234 | D:1      | Gained mutation: You are partially covered in large bone
                  | plates. (SH +4) [demonic ancestry]
  1234 | D:1      | Reached XP level 3. HP: 24/24 MP: 6/6
  1538 | D:2      | Found a faded altar of an unknown god.
  2000 | D:2      | Noticed Natasha
  2010 | D:2      | Killed Natasha
  2011 | D:2      | Reached XP level 4. HP: 7/31 MP: 1/7
  2318 | D:2      | Noticed Terence
  2330 | D:2      | Killed Terence
  2331 | D:2      | Reached skill level 1 in Short Blades
  2532 | D:2      | Noticed Natasha
  2539 | D:2      | Killed Natasha
  2572 | D:2      | Noticed Natasha
  2579 | D:2      | Killed Natasha
  2580 | D:2      | Reached XP level 5. HP: 36/36 MP: 4/9
  2806 | D:2      | Learned a level 3 spell: Frozen Ramparts
  2810 | D:2      | Learned a level 3 spell: Ozocubu's Armour
  2973 | D:3      | Noticed Jessica
  2976 | D:3      | Killed Jessica
  3257 | D:3      | Found a burning altar of Makhleb.
  3354 | D:3      | Noticed Ijyb
  3363 | D:3      | Killed Ijyb
  3364 | D:3      | Reached skill level 1 in Shields
  3600 | D:3      | Gained mutation: You have a pair of small horns on your
                  | head. [demonic ancestry]
  3600 | D:3      | Reached XP level 6. HP: 42/42 MP: 2/11
  3716 | D:3      | Found an iron altar of Okawaru.
  3970 | D:3      | Reached skill level 5 in Ice Magic
  4573 | D:4      | Learned a level 1 spell: Sting
  4964 | D:4      | Killed from afar by an orc priest

Illustrated notes

Levels and vault maps discovered:
D:1:      heliophobic_arrival_ceremonial_halls, layout_loops_ring
D:2:      layout_loops_ring, serial_aquarium, aquarium_bridge_long_joined
          [aquarium_subvault_bridge, aquarium_subvault_wall,
          aquarium_subvault_wall, aquarium_subvault_wall,
          aquarium_subvault_wall, aquarium_subvault_bridge],
          aquarium_window_corner, aquarium_window_fake, aquarium_window_fake,
          aquarium_view_2c, chequers_ecumenical_altar_simple_redux,
          uniq_natasha, uniq_terence
D:3:      layout_loops_corners, mainiacjoe_overflow_paths,
          okawaru_ov_weapons_minmay, uniq_ijyb, uniq_jessica
D:4:      layout_basic, nicolae_tso_swordbearing_angel

Skill      XL: |  1  2  3  4  5  6 |
---------------+-------------------+-----
Stealth        | 2 |  2.5
Ice Magic      | 4 5 |  5.2
Dodging        | 2 |  2.1
Short Blades   | 1 |  1.3
Spellcasting   | 3 4 |  4.5
Shields        | 1 |  1.2
Fighting       | |  0.6

Action                   |  1- 3 |  4- 6 || total
-------------------------+-------+-------++-------
Melee: Short sword       |    64 |    58 ||   122
       Headbutt          |       |     3 ||     3
 Cast: Freeze            |    39 |    72 ||   111
       Frozen Ramparts   |       |     9 ||     9
       Ozocubu's Armour  |       |     8 ||     8
       Sting             |       |     3 ||     3
  Use: Scroll            |     4 |     7 ||    11
       Potion            |       |     3 ||     3
 Stab: Sleeping          |     5 |     4 ||     9
Armor: Robe              |    21 |     9 ||    30
Dodge: Dodged            |    50 |    45 ||    95
Block: Other             |    32 |    29 ||    61

Table legend: (Time is in decaauts)
 A = Elapsed time spent in this place.
 B = Non-inter-level travel time spent in this place.
 C = Inter-level travel time spent in this place.
 D = Time resting spent in this place.
 E = Time spent auto-exploring this place.
 F = Levels seen in this place.
 G = Mean time per level.
                   A        B        C        D        E       F      G
               +--------+--------+--------+--------+--------+-----+--------+
         Total |   4940 |   4791 |    149 |     46 |   3917 |   4 | 1235.0 |
       Dungeon |   4940 |   4791 |    149 |     46 |   3917 |   4 | 1235.0 |
               +--------+--------+--------+--------+--------+-----+--------+

Top non-repeatable levels by time:
     D:3: 1724 daAuts
     D:1: 1433 daAuts
     D:2: 1389 daAuts
     D:4: 393 daAuts
